 Dungeon Crawl Stone Soup version 0.22-a0-322-g60b3cfd (webtiles) character file.

131 b5mith the Sneak (level 4, 0/21 HPs)
             Began as a Spriggan Earth Elementalist on Apr 2, 2018.
             Slain by Terence
             ... wielding a +2 hand axe of electrocution
              (12 damage)
             ... on level 2 of the Dungeon.
             The game lasted 00:05:54 (1496 turns).

b5mith the Sneak (Spriggan Earth Elementalist)      Turns: 1496, Time: 00:05:55

Health: 0/21       AC:  2    Str:  5    XL:     4   Next: 91%
Magic:  7/10       EV: 20    Int: 16    God:
Gold:   99         SH:  0    Dex: 16    Spells: 6/10 levels left

rFire    . . .     SeeInvis +   (weapon restricted)
rCold    . . .     Gourm    .   (shield restricted)
rNeg     . . .     Faith    .   c - +0 robe
rPois    .         Spirit   .   (helmet restricted)
rElec    .         Reflect  .   (no cloak)
rCorr    .         Harm     .   (gloves unavailable)
MR       .....                  (boots unavailable)
Stlth    +++.......             (no amulet)
HPRegen  0.07/turn              (no ring)
MPRegen  0.12/turn              (no ring)

@: very quick
A: very small, unfitting armour, see invisible, herbivore, speed 3, slow
metabolism 2
a: no special abilities


You were on level 2 of the Dungeon.
You were not hungry.

You visited 1 branch of the dungeon, and saw 2 of its levels.

You collected 99 gold pieces.

Inventory:

Missiles
 b - 30 stones (quivered)
Armour
 c - a +0 robe (worn)
Jewellery
 a - an uncursed ring of positive energy {unknown}
 k - a cursed ring of loudness {unknown}
Scrolls
 e - 4 scrolls of magic mapping {unknown}
 f - a scroll of enchant armour {unknown}
 g - 3 scrolls of remove curse {unknown}
 i - a scroll of teleportation {unknown}
 j - a scroll of identify {unknown}
Potions
 h - a potion of lignification {unknown}
Comestibles
 d - 5 rations


   Skills:
 + Level 4.5 Dodging
 + Level 4.7 Stealth
 + Level 3.9 Spellcasting
   Level 1.3 Transmutations
 + Level 3.4 Earth Magic


You had 6 spell levels left.
You knew the following spells:

 Your Spells              Type           Power        Failure   Level  Hunger
a - Sandblast             Erth           ##....       4%          1    None
b - Stone Arrow           Conj/Erth      #.....       26%         3    ###....


Dungeon Overview and Level Annotations

Branches:
Dungeon (2/15)

Altars:
Gozag

Annotations:
D:2 Terence


Innate Abilities, Weirdness & Mutations

You are very small and have problems with some larger weapons.
You are too small for most types of armour.
You have supernaturally acute eyesight. (SInv)
You are a herbivore.
You cover ground extremely quickly.
You need to consume almost no food.


Message History

Confirm with . or Enter, or press ? or * to list all spells.
Aiming: Sandblast (safe; 4% risk of failure)
Press: ? - help, Shift-Dir - straight line, f/p - Terence
Aim: Terence, wielding a hand axe of electrocution and wearing a scale mail (moderately wounded)
The blast of sand hits Terence.
Terence is moderately wounded.
b - 31 stones Terence closely misses you.
Casting: Sandblast (safe; 4% risk of failure)
Confirm with . or Enter, or press ? or * to list all spells.
Aiming: Sandblast (safe; 4% risk of failure)
Press: ? - help, Shift-Dir - straight line, f/p - Terence
Aim: Terence, wielding a hand axe of electrocution and wearing a scale mail (moderately wounded)
The blast of sand hits Terence.
Terence is heavily wounded.
b - 30 stones Terence hits you with a hand axe of electrocution!
You are electrocuted!
Ouch! That really hurt!
You die...

# ...#######
#...$...###### ## #.#
#.@......# ##.[.
......@#.####.# #...#
##.##..#.# #.#
#.#...##.#####.# #.#
#..> ..... ..####.####
#.#####.#######.......#
#.....†.......#.##.##.#
#.#####..†....#.##.##.#
#####.##
#.........##.##.#


You could see Terence.

Vanquished Creatures
  A centaur (D:1)
  An adder (D:2)
  2 worms (D:2)
  3 dart slugs
  3 leopard geckos
  4 goblins
  2 hobgoblins (D:2)
  3 bats
  4 frilled lizards
  4 kobolds
  4 rats
31 creatures vanquished.

Notes
Turn   | Place    | Note
-------+----------+-------------------------------------------
     0 | D:1      | b5mith the Spriggan Earth Elementalist began the quest for the Orb.
     0 | D:1      | Reached XP level 1. HP: 9/9 MP: 5/5
   233 | D:1      | Reached XP level 2. HP: 13/13 MP: 1/6
   779 | D:2      | Noticed a centaur
   785 | D:1      | Killed a centaur
   785 | D:1      | Reached XP level 3. HP: 5/16 MP: 3/9
   785 | D:1      | Reached XP level 4. HP: 6/21 MP: 3/10
  1223 | D:2      | Learned a level 3 spell: Stone Arrow
  1405 | D:2      | Found an opulent altar of Gozag.
  1493 | D:2      | Noticed Terence
  1496 | D:2      | Slain by Terence

Vault maps used:
D:1:      kennysheep_arrival_forest
D:2:      first_ration, nicolae_gozag_seed_capital, uniq_terence

Skill      XL: |  1  2 |
---------------+-------+-----
Spellcasting   | 3 |  3.9
Dodging        | 4 |  4.5
Stealth        | 4 |  4.7
Earth Magic    | 3 |  3.4
Transmutations | |  1.3

Action                   |  1- 3 |  4- 6 || total
-------------------------+-------+-------++-------
Throw: Stone             |     3 |       ||     3
 Cast: Sandblast         |    26 |    32 ||    58
Dodge: Dodged            |    10 |     5 ||    15

Table legend:
 A = Spawn XP
 B = Non-spawn XP
 C = Spawn XP percentage of total XP
 D = Spawn monster count
 E = Non-spawn monster count
 F = Spawn count percentage of total count
 G = Total turns spent on level
                    A         B        C        D         E        F      G
               +---------+---------+-------+---------+---------+-------+---------
         Total |       0 |     188 |   0.0 |       0 |      31 |   0.0 |  1496
               +---------+---------+-------+---------+---------+-------+---------
           D:1 |       0 |     143 |   0.0 |       0 |      17 |   0.0 |  1043
           D:2 |       0 |      45 |   0.0 |       0 |      14 |   0.0 |   453
               +---------+---------+-------+---------+---------+-------+---------
